 Dungeon Crawl Stone Soup version 0.28-a0-1613-gdaab1c2f9b (webtiles) character file.

Game seed: 2069542969252997300

1891 Strat the Slicer (level 9, -1/102 HPs)
             Began as a Human Hunter on Jan 21, 2022.
             Slain by a vampire (3 damage)
             ... on level 6 of the Dungeon.
             The game lasted 00:15:29 (8054 turns).

Strat the Slicer (Human Hunter)                     Turns: 8054, Time: 00:15:30

Health: -1/102     AC: 16    Str: 18    XL:     9   Next: 37%
Magic:  9/9        EV:  8    Int: 11    God:
Gold:   314        SH:  0    Dex: 13    Spells: 6/8 levels left

rFire   . . .      SeeInvis .   b - +1 short sword (drain)
rCold   . . .      Faith    .   (no shield)
rNeg    . . .      Spirit   .   r - +0 chain mail
rPois   +          Reflect  .   (no helmet)
rElec   .          Harm     .   (no cloak)
rCorr   .          Rampage  .   i - +1 pair of gloves
Will    .....                   (no boots)
Stlth   ..........              l - amulet of magic regeneration
HPRegen 0.27/turn               p - +4 ring of protection
MPRegen 0.51/turn               A - ring of poison resistance

@: berserking, very quick
A: no striking features
a: no special abilities


You were on level 6 of the Dungeon.
You visited 1 branch of the dungeon, and saw 6 of its levels.
You also visited: Ossuary.

You collected 314 gold pieces.

Inventory:

Hand Weapons
 a - a +1 hunting sling
 b - a +1 short sword of draining (weapon)
 m - a +0 short sword of protection
Missiles
 d - 47 sling bullets
 f - 171 stones (quivered)
 q - 2 throwing nets
Armour
 c - a +0 leather armour
 i - a +1 pair of gloves (worn)
 r - a +0 chain mail (worn)
 B - a +0 ring mail
Jewellery
 l - an amulet of magic regeneration (around neck)
 o - a ring of resist corrosion
 p - a +4 ring of protection (left hand)
 A - a ring of poison resistance (right hand)
Scrolls
 j - a scroll of amnesia
 s - 2 scrolls of brand weapon
 z - 4 scrolls of identify
Potions
 e - 2 potions of berserk rage
 g - 3 potions of haste
 h - 2 potions of brilliance {unknown}
 k - a potion of ambrosia
 n - 3 potions of attraction {unknown}
 t - a potion of heal wounds {unknown}
 w - 3 potions of mutation {unknown}
 x - a potion of magic {unknown}


   Skills:
 - Level 5.0 Fighting
 + Level 8.8 Short Blades
 - Level 4.1 Slings
 + Level 5.4 Armour
 - Level 2.1 Dodging
 - Level 1.2 Stealth


You had 6 spell levels left.
You knew the following spells:

 Your Spells              Type           Power      Damage    Failure   Level
a - Ensorcelled Hibernat  Hex/Ice        0%         N/A       99%         2

Your spell library contained the following spells:

 Spells                   Type           Power      Damage    Failure   Level
 Magic Dart               Conj           0%         1d3       99%         1
 Searing Ray              Conj           0%         2d4       99%         2
 Spider Form              Tmut/Pois      0%         N/A       100%        3
 Anguish                  Hex/Necr       0%         N/A       100%        4
 Fulminant Prism          Conj/Hex       0%         3d6       100%        4
 Petrify                  Tmut/Erth      0%         N/A       100%        4
 Iron Shot                Conj/Erth      0%         9d1       100%        6


Dungeon Overview and Level Annotations

Branches:
Dungeon (6/15)            Ossuary (visited)
 Temple: D:4-7

Altars:
Dithmenos

Annotations:
D:5 Grinder


Message History

* * * LOW HITPOINT WARNING * * *
Something draws strength from your injuries!
There is an escape hatch in the floor here.
Cornered, the ogre turns to fight!
Something hits you but does no damage. Something bites you but does no damage.
You slide downwards.
The hatch slams shut behind you.
Reactivating autopickup.
Found a stone staircase leading up.
Deactivating autopickup; reactivate with Ctrl-A.
You closely miss something. You barely miss something. Something hits you!
* * * LOW HITPOINT WARNING * * *
Something bites you but does no damage.
You hit something but do no damage. Something hits you but does no damage.
Something bites you.
* * * LOW HITPOINT WARNING * * *
Something draws strength from your injuries!
Found a scroll of identify.
You see here a scroll of identify.
z - 4 scrolls of identify (gained 1)
Something hits you.
* * * LOW HITPOINT WARNING * * *
Something bites you.
* * * LOW HITPOINT WARNING * * *
Something draws strength from your injuries!
A red film seems to cover your vision as you go berserk!
You feel yourself moving faster!
You feel mighty! Something hits you but does no damage. Something bites you.
* * * LOW HITPOINT WARNING * * *
Something draws strength from your injuries!
You barely miss something. You hit something.
You hit something but do no damage. Something hits you!
* * * LOW HITPOINT WARNING * * *
Something bites you.
* * * LOW HITPOINT WARNING * * *
Something draws strength from your injuries!
You barely miss something. You puncture something! Something hits you.
You die...

........#
.......+
#......#
#......#
#......#
+......#
#......+
##+####...{@.#
<........#####
.........#
.........#
.........#
.........#
.........#
##########


There were no monsters in sight!

Vanquished Creatures
  Pikel (D:4)
  2 black bears
  A sky beast (D:3)
  An ogre (D:5)
  3 lemures
  3 elf zombies (Ossuary)
  4 scorpions (D:5)
  A water moccasin zombie (D:5)
  A centaur zombie (D:4)
  2 hounds (D:5)
  2 human zombies (Ossuary)
  An iguana (D:5)
  2 orc wizards (D:5)
  A scorpion zombie (D:5)
  3 hound zombies
  3 mummies (Ossuary)
  3 gnolls (D:5)
  8 adders
  A white imp (D:5)
  2 ufetubi
  An adder skeleton (D:4)
  3 adder zombies (Ossuary)
  A worm (D:2)
  4 dart slugs
  9 orcs
  8 ball pythons
  8 bats
  An endoplasm (D:4)
  5 giant cockroaches
  4 gnoll zombies (Ossuary)
  6 goblins
  4 hobgoblins
  8 jackals
  3 quokkas
  4 frilled lizards
  3 goblin zombies (Ossuary)
  2 hobgoblin zombies (Ossuary)
  4 jackal zombies (Ossuary)
  4 kobolds
  5 kobold zombies (Ossuary)
  2 orc zombies (Ossuary)
  3 quokka zombies (Ossuary)
  4 rats
  4 rat zombies (Ossuary)
145 creatures vanquished.

Vanquished Creatures (others)
  3 withered plants (D:4)
3 creatures vanquished.

Grand Total: 148 creatures vanquished

Notes
Turn   | Place    | Note
-------+----------+-------------------------------------------
     0 | D:1      | Strat the Human Hunter began the quest for the Orb.
     0 | D:1      | Reached XP level 1. HP: 16/16 MP: 1/1
    72 | D:1      | Reached XP level 2. HP: 22/22 MP: 2/2
   353 | D:1      | Reached skill level 1 in Short Blades
  1022 | D:2      | Reached XP level 3. HP: 19/27 MP: 3/3
  1253 | D:2      | Reached skill level 2 in Short Blades
  1837 | D:2      | Reached XP level 4. HP: 19/33 MP: 4/4
  1995 | D:2      | Reached skill level 3 in Short Blades
  2463 | D:3      | Learned a level 2 spell: Ensorcelled Hibernation
  2828 | D:3      | Found a faded altar of an unknown god.
  2905 | D:3      | Got Notoxuh's Guide on Stones
  3079 | D:3      | Reached XP level 5. HP: 38/38 MP: 5/5
  3150 | D:3      | Reached skill level 4 in Short Blades
  3165 | D:3      | Noticed a sky beast
  3801 | D:4      | Noticed a black bear
  3819 | D:4      | Killed a black bear
  3820 | D:4      | Reached skill level 5 in Short Blades
  3820 | D:4      | Reached XP level 6. HP: 21/44 MP: 6/6
  4186 | D:4      | Reached skill level 1 in Armour
  4258 | D:4      | Noticed Pikel
  4804 | D:5      | Entered Level 5 of the Dungeon
  4930 | D:5      | Noticed a black bear
  4948 | D:5      | Killed a black bear
  4949 | D:5      | Reached XP level 7. HP: 43/52 MP: 7/7
  5090 | D:5      | Found a sand-covered staircase.
  5094 | Ossuary  | Entered an ossuary
  5898 | Ossuary  | Reached skill level 6 in Short Blades
  6018 | Ossuary  | Reached XP level 8. HP: 39/60 MP: 8/8
  6376 | D:5      | Noticed Grinder
  6931 | D:4      | Killed Pikel
  6932 | D:4      | Reached skill level 8 in Short Blades
  7264 | D:5      | Reached XP level 9. HP: 54/66 MP: 9/9
  7621 | D:5      | Found a shadowy altar of Dithmenos.
  7670 | D:5      | Reached skill level 5 in Fighting
  7847 | D:5      | Reached skill level 5 in Armour
  8052 | D:6      | HP: 3/102 [something (7)]
  8054 | D:6      | Slain by a vampire

Illustrated notes

Levels and vault maps discovered:
D:1:      minmay_arrival_diagonal_passages, layout_basic, grunt_decor_junction,
          minmay_tetromino_s2
D:2:      layout_basic, minmay_distorted
D:3:      layout_basic, hellmonk_ecumenical_altar_inner_sanctum
D:4:      minmay_inner_zag, layout_cave_pools, serial_undead, serial_undead_b,
          serial_undead_f, serial_undead_c, serial_undead_b,
          hangedman_decor_opposing, uniq_pikel
D:5:      layout_loops_ring, lemuel_doored_altar,
          nicolae_ossuary_entry_false_entrances, uniq_grinder
D:6:      layout_gridville, grunt_temple_overflow_cloverleaf,
          hangedman_decor_riveting

Skill      XL: |  1  2  3  4  5  6  7  8  9 |
---------------+----------------------------+-----
Short Blades   | 1 2 3 5 6 8 |  8.8
Armour         | 2 3 4 5 |  5.4
Fighting       | 3 4 5 |  5.0
Slings         | |  4.1
Dodging        | |  2.1
Stealth        | |  1.2

Action                   |  1- 3 |  4- 6 |  7- 9 || total
-------------------------+-------+-------+-------++-------
Melee: Short sword       |    46 |   125 |   365 ||   536
       Punch             |       |     4 |     3 ||     7
 Fire: Hunting sling     |    63 |   149 |   200 ||   412
  Use: Scroll            |     2 |     5 |     5 ||    12
       Potion            |       |       |     1 ||     1
 Stab: Sleeping          |     1 |       |       ||     1
Armor: Leather armour    |    14 |    78 |   102 ||   194
       Chain mail        |       |       |    40 ||    40
Dodge: Dodged            |    26 |   109 |   156 ||   291

Table legend: (Time is in decaauts)
 A = Elapsed time spent in this place.
 B = Non-inter-level travel time spent in this place.
 C = Inter-level travel time spent in this place.
 D = Time resting spent in this place.
 E = Time spent auto-exploring this place.
 F = Levels seen in this place.
 G = Mean time per level.
                   A        B        C        D        E       F      G
               +--------+--------+--------+--------+--------+-----+--------+
         Total |   7907 |   7648 |    259 |   1289 |   4377 |   7 | 1129.6 |
       Dungeon |   6722 |   6463 |    259 |   1202 |   3773 |   6 | 1120.3 |
       Ossuary |   1185 |   1185 |      0 |     87 |    604 |   1 | 1185.0 |
               +--------+--------+--------+--------+--------+-----+--------+

Top non-repeatable levels by time:
     D:4: 1679 daAuts
     D:2: 1518 daAuts
     D:3: 1401 daAuts
 Ossuary: 1185 daAuts
     D:5: 1139 daAuts
     D:1: 973 daAuts
     D:6: 10 daAuts
